 Dungeon Crawl Stone Soup version 0.14-a0-817-g3f7b0b1 (webtiles) character file.

321709 4tharraofdagon the Destroyer (level 19, -1/140 HPs)
             Began as a Demigod Fire Elementalist on Nov 8, 2013.
             Slain by a deep troll earth mage (17 damage)
             ... on Level 27 of the Dungeon on Nov 12, 2013.
             The game lasted 06:15:18 (29108 turns).

4tharraofdagon the Destroyer (DgFE)                Turns: 29108, Time: 06:15:19

HP  -1/140       AC 18     Str 18 (21) XL: 19   Next: 77%
MP   2/40        EV 12     Int 26 (30) God:
Gold 3479        SH 12     Dex 13 (16) Spells: 11 memorised,  6 levels left

Res.Fire  : + + .   See Invis. : .   f - staff of energy
Res.Cold  : + + .   Warding    : .   B - +2 elf robe {rC+ rF+}
Life Prot.: + . .   Conserve   : +   A - +3 buckler {rC+}
Res.Poison: .       Res.Corr.  : +   (helmet restricted)
Res.Elec. : +       Clarity    : +   Z - +2 cloak {rCorr, Cons}
Sust.Abil.: . .     Spirit.Shd : .   h - +1 pair of gauntlets {Str+3}
Res.Mut.  : .       Rnd.Telep. : +   O - +2 pair of boots of Death's Door {rElec rF+ Stlth++}
Res.Rott. : .       Flight     : .   U - amulet of the Four Winds {Clar rN+ MR++}
Saprovore : . . .                    n - +4 ring of strength
                                     m - ring of teleportation

@: about to teleport, extraordinarily resistant to hostile enchantments,
stealthy
A: hooves 1, horns 1, blink 1, breathe flames 1, deterioration 1, screaming 1,
slow metabolism 1, AC +6, Dex -1
a: Blink, Breathe Fire, Evoke Teleportation
}: 2/15 runes: barnacled, silver


You were on level 27 of the Dungeon.
You were hungry.

You visited 6 branches of the dungeon, and saw 52 of its levels.
You visited the Abyss 1 time.
You also visited: Bailey.

You collected 4859 gold pieces.
You spent 1380 gold pieces at shops.

Inventory:

Hand weapons
 x - a +0 blowgun
Missiles
 z - 5 curare-tipped needles
Armour
 h - a +1 pair of gauntlets of strength (worn)
 i - a +0 troll leather armour
 A - a +3 buckler of cold resistance (worn)
 B - a +2 elven robe of resistance (worn)
 O - the +2 pair of boots of Death's Door (worn) {rElec rF+ Stlth++}
   (You found it in a bailey)

   It protects you from fire.
   It insulates you from electricity.
   It makes you much more stealthy.
 Z - a +2 cloak of preservation (worn)
Magical devices
 k - a wand of teleportation (7)
 K - a wand of invisibility (0)
 R - a wand of disintegration (10)
 V - a wand of digging (8)
Comestibles
 r - 4 meat rations
 s - 4 bread rations
Scrolls
 c - 6 scrolls of amnesia
 e - 13 scrolls of remove curse
 g - a scroll of teleportation
 u - 5 scrolls of fog
 v - 5 scrolls of identify
 C - 7 scrolls of magic mapping
 H - 4 scrolls of noise
 J - 8 scrolls of blinking
 M - a scroll of holy word
 N - 2 scrolls of recharging
Jewellery
 m - a ring of teleportation (left hand)
 n - a +4 ring of strength (right hand)
 t - the ring "Zuyfivok" {rF+ rN+ Dex+4 Int+3}
   (You took it off a deep elf sorcerer on level 3 of the Elven Halls)

   [ring of protection from fire]

   It affects your intelligence (+3).
   It affects your dexterity (+4).
   It protects you from negative energy.
 w - an uncursed ring of wizardry
 y - the amulet of Cauthrer {Ward rF++ rN+ Dam+4 SInv}
   (You took it off an orc knight on level 25 of the Dungeon)

   [amulet of warding]

   It affects your damage-dealing abilities (+4).
   It greatly protects you from fire.
   It protects you from negative energy.
   It enhances your eyesight.
 D - an uncursed amulet of resist corrosion {unknown}
 I - an uncursed ring of poison resistance
 P - an uncursed ring of see invisible
 U - the amulet of the Four Winds (around neck) {Clar rN+ MR++}
   (You bought it in a shop on level 18 of the Dungeon)

   [amulet of clarity]

   It protects you from negative energy.
   It affects your resistance to hostile enchantments.
Potions
 a - a potion of speed
 d - 3 potions of agility
 j - 2 potions of resistance
 l - 3 potions of flight
 E - 3 potions of brilliance
 L - 3 potions of restore abilities
 Q - 7 potions of curing
Books
 b - a book of Flames

   Spells                             Type                      Level
   Flame Tongue                       Conjuration/Fire             1
   Throw Flame                        Conjuration/Fire             2
   *Conjure Flame                     Conjuration/Fire             3
   Inner Flame                        Hexes/Fire                   3
   *Sticky Flame                      Conjuration/Fire             4
   *Fireball                          Conjuration/Fire             5
 q - a book of Power

   Spells                             Type                      Level
   *Iskenderun's Mystic Blast         Conjuration                  4
   Venom Bolt                         Conjuration/Poison           5
   Bolt of Magma                      Conjuration/Fire/Earth       5
   Fulminant Prism                    Conjuration/Hexes            5
   Iron Shot                          Conjuration/Earth            6
   *Orb of Destruction                Conjuration                  7
 F - a book of Conjurations

   Spells                             Type                      Level
   Magic Dart                         Conjuration                  1
   Searing Ray                        Conjuration                  2
   Dazzling Spray                     Conjuration/Hexes            3
   *Iskenderun's Mystic Blast         Conjuration                  4
   *Iskenderun's Battlesphere         Conjuration/Charms           4
   Fulminant Prism                    Conjuration/Hexes            5
 S - a book of the Warp

   Spells                             Type                      Level
   Recall                             Summoning/Translocation      3
   *Control Teleport                  Charms/Translocation         4
   Phase Shift                        Translocation                5
   Warp Weapon                        Charms/Translocation         5
   Dispersal                          Translocation                6
   Controlled Blink                   Translocation                7
   Disjunction                        Translocation                8
 X - a Necronomicon {highlevel}

   This book is beyond your current level of understanding.

   Spells                             Type                      Level
   Haunt                              Necromancy/Summoning         7
   Borgnjor's Revivification          Necromancy                   8
   Death's Door                       Charms/Necromancy            8
   Necromutation                      Transmutation/Necromancy     8
Magical staves
 f - an uncursed staff of energy (weapon)
 o - an uncursed staff of fire
 W - an uncursed staff of wizardry
Miscellaneous
 p - a phial of floods
 Y - a crystal ball of energy


   Skills:
 - Level 7.1 Fighting
 - Level 1.7 Dodging
 - Level 1.7 Stealth
 - Level 3.0 Shields
 + Level 13.6 Spellcasting
 * Level 19.2 Conjurations
 - Level 3.1 Charms
 * Level 7.0 Necromancy
 * Level 4.6 Translocations
 * Level 18.8 Fire Magic
 - Level 10.0 Evocations


You had 6 spell levels left.
You knew the following spells:

 Your Spells              Type           Power        Failure   Level  Hunger
a - Control Teleport      Chrm/Tloc      #####.....   10%         4    None
b - Conjure Flame         Conj/Fire      #######.     0%          3    None
c - Sticky Flame          Conj/Fire      #######.     0%          4    None
d - Fireball              Conj/Fire      #######...   1%          5    None
e - Regeneration          Chrm/Necr      #####.....   1%          3    None
f - Iskenderun's Battles  Conj/Chrm      ######..     1%          4    None
g - Iskenderun's Mystic   Conj           #######.     0%          4    None
h - Repel Missiles        Chrm/Air       ####......   2%          2    None
i - Apportation           Tloc           #####.....   1%          1    None
j - Blink                 Tloc           N/A          1%          2    None
k - Orb of Destruction    Conj           #######...   1%          7    None


Dungeon Overview and Level Annotations

Branches:
Dungeon (27/27)               Orc (4/4) D:8             Elf (3/3) Orc:3
   Lair (8/8) D:9          Shoals (5/5) Lair:5       Spider (0/5) Lair:4
  Slime (0/6) Lair:6       Vaults (5/5) D:15            Zot (0/5) D:27
 Temple: D:4-7        Blade: Vaults:3-4  Forest: Vaults:2-3

Shops:
D:8 [   D:18 =//*   D:22 ?   Orc:1 *   Orc:4 ?***   Elf:3 (

Portals:
Hell: D:23 D:25 D:26 Lair:8
Abyss: D:26
Pandemonium: D:24

Annotations:
Lair:3 SHOALS?NOT SURE
Lair:6 araganzar's ghost, powerful TrTm
Shoals:4 exclusion: oklob plant
Vaults:2 Sojobo


Innate Abilities, Weirdness & Mutations

You have large cloven feet.
You have a pair of small horns on your head.
You are partially covered in rough black scales (AC +4, Dex -1).
You are partially covered in slimy green scales (AC +2).
You can translocate small distances at will.
You can breathe flames.
Your body is slowly deteriorating.
You occasionally shout uncontrollably.
You have a slow metabolism.


Message History

The deep troll earth mage claws you!
* * * LOW HITPOINT WARNING * * *
The deep troll earth mage claws you!
* * * LOW HITPOINT WARNING * * *
The deep troll earth mage bites you but does no damage.
You block the deep troll earth mage's attack.
The deep troll earth mage claws you.
* * * LOW HITPOINT WARNING * * *
The deep troll earth mage bites you.
* * * LOW HITPOINT WARNING * * *
The deep troll earth mage claws you but does no damage.
The deep troll earth mage closely misses you.
Drink which item? (? for menu, Esc to quit)
You feel better.
The deep troll earth mage burns!
The deep troll earth mage barely misses you.
You block the deep troll earth mage's attack.
The deep troll earth mage closely misses you.
The deep troll earth mage barely misses you.
The deep troll earth mage claws you!
You die...

##....####.....
##......#*,.....
###.......#**....,
#..(..)..## * .,,,
#.....).##***,,, ,
#......##**,,,,,,*
#.DT..##**,,,,,,,*
#TT..##**,,,,,,,**
#@T#.#**,,,,,,****
#.####*,,,,,,** **
#.# * ,,,,,,,* **,
###**,,,,,,*****,,
**,,**,,,* **,,*
*,, , ,,** *,,,*
********* *****


You could see a golden dragon, 3 deep troll earth magi and a deep troll shaman.

Vanquished Creatures
  Xtahua (Vaults:5)
  2 bone dragons (D:27)
  A titan (D:25)
  A lich (Vaults:5)
  2 deep elf blademasters (Elf:3)
  2 deep elf master archers (Elf:3)
  3 acid blobs (Abyss:1)
  A storm dragon (Vaults:5)
  A sphinx (D:19)
  5 shadow dragons
  A kraken (Shoals:1)
  6 tengu reavers
  5 large abominations
  2 tentacled starspawn (Abyss:1)
  Donald (Vaults:2)
  A draconian scorcher (D:27)
  3 fire giants
  A draconian knight (D:27)
  7 frost giants
  3 vault wardens
  An azure jelly (Abyss:1)
  A balrug (D:26)
  8 deep elf sorcerers
  An angel (Abyss:1)
  27 stone giants
  3 green draconians (D:27)
  A grey draconian (D:27)
  7 deep elf demonologists
  3 purple draconians (D:27)
  2 pale draconians (D:27)
  2 merfolk javelineers (Shoals:5)
  9 deep elf annihilators (Elf:3)
  2 mottled draconians (D:27)
  The ghost of timbw the Severer, a powerful TrFi of Makhleb (Lair:5)
  A fire dragon (Vaults:2)
  3 ettins
  4 ironheart preservers
  8 vault guards
  5 deep elf death magi (Elf:3)
  The ghost of Psiweapon the Grappler, a powerful TrMo (D:11)
  28 yaktaur captains
  2 great orbs of eyes
  A deep elf high priest (Elf:3)
  A siren (Shoals:5)
  2 merfolk aquamancers (Shoals:5)
  A ravenous feature mimic (D:19)
  8 hydras
  Erica (D:10)
  An alligator (Abyss:1)
  The ghost of truffant the Grappler, an experienced TrMo of Cheibriados (Lair:2)
  6 ogre magi
  2 deep troll earth magi
  A spectral elf (Elf:3)
  4 death yaks (Shoals:5)
  A wretched star (Abyss:2)
  Urug (D:16)
  3 orc high priests (Orc:4)
  A deep troll shaman (D:26)
  2 storm dragon zombies
  4 sun demons
  8 centaur warriors
  Nergalle (D:26)
  2 catoblepae
  An iron golem (Vaults:4)
  4 deep elf knights
  6 hell knights (D:27)
  An ice devil (D:27)
  2 wizards
  2 iron trolls
  2 skeletal warriors (D:20)
  8 sea snakes
  3 unseen horrors
  A storm dragon skeleton (Vaults:4)
  3 flayed ghosts
  A hill giant (shapeshifter) (D:19)
  A giant orange brain (Vaults:5)
  5 hill giants
  22 orc knights
  A death drake (shapeshifter) (D:27)
  3 giant amoebae
  11 deep trolls
  A shadow dragon skeleton (Vaults:5)
  10 harpies
  3 deep elf conjurers
  3 ironbrand convokers
  5 cyclopes
  3 wolf spiders
  A wolf spider (shapeshifter) (Vaults:5)
  4 griffons
  A stone giant zombie (D:21)
  3 red wasps
  A fire giant zombie (Vaults:3)
  A shining eye (Abyss:1)
  4 orc sorcerers
  A guardian serpent (shapeshifter) (D:19)
  3 stone giant skeletons (Vaults:3)
  6 phantasmal warriors
  8 elephants
  2 black mambas
  An apocalypse crab (Abyss:1)
  A sixfirhy (Abyss:1)
  An octopode (shapeshifter) (D:26)
  8 vault sentinels
  4 spiny worms
  A smoke demon (Lair:8)
  An eye of devastation (shapeshifter) (Vaults:5)
  A yaktaur (shapeshifter) (D:19)
  Psyche (Orc:2)
  15 spiny frogs
  An orange demon (Lair:8)
  8 mermaids
  A grey draconian zombie (Abyss:1)
  4 deep elf priests
  An iron troll zombie (D:20)
  6 komodo dragons
  4 fire drakes
  9 trolls
  A fire drake (shapeshifter) (Vaults:5)
  2 iron troll skeletons (D:22)
  A jumping spider (shapeshifter) (Vaults:4)
  47 yaktaurs
  A red devil (Elf:3)
  4 blink frogs (Lair:8)
  5 hellwings
  Sonja (D:15)
  A polar bear (shapeshifter) (Elf:3)
  A baby alligator (shapeshifter) (Vaults:3)
  Prince Ribbit (Orc:1)
  A jumping spider (Lair:8)
  2 stone giant simulacra
  An ettin zombie (D:20)
  A guardian serpent zombie (Abyss:1)
  A harpy skeleton (D:20)
  25 slime creatures
  3 boulder beetles
  10 octopodes
  A raven (shapeshifter) (Vaults:5)
  11 two-headed ogres
  A wyvern (D:12)
  6 basilisks
  3 shadows
  7 snapping turtles
  4 redbacks
  A brown ooze (Abyss:1)
  A trapdoor spider (shapeshifter) (Vaults:3)
  A trapdoor spider (D:13)
  5 sharks
  28 ugly things
  A fire dragon skeleton (D:15)
  52 yaks
  A redback (shapeshifter) (D:27)
  2 elephant slugs
  2 hungry ghosts
  Eustachio (D:4)
  13 deep elf magi
  6 clay golems (D:26)
  9 deep elf fighters
  Grum (D:9)
  A chaos spawn (Abyss:2)
  A steam dragon (D:10)
  15 merfolk
  2 neqoxecs
  A merfolk (shapeshifter) (Vaults:5)
  7 manticores
  7 vampire mosquitoes
  16 hippogriffs
  Menkaure (D:7)
  A soldier ant (D:10)
  A deep troll zombie (Vaults:2)
  A swamp drake (Abyss:1)
  6 wolves
  49 orc warriors
  3 sky beasts
  A deep troll skeleton (D:19)
  An ice beast (D:9)
  A spiny frog zombie (Lair:8)
  2 black bears
  12 porcupines
  8 freezing wraiths
  13 centaurs
  28 ogres
  2 dwarves (Orc:4)
  7 small abominations
  A yellow wasp (D:12)
  A phantom (D:4)
  2 boring beetles
  8 crocodiles
  6 rotting devils
  3 wargs
  A brain worm (shapeshifter) (Vaults:5)
  Sigmund (D:4)
  8 giant slugs
  3 yaktaur zombies
  A big kobold (D:17)
  An agate snail (shapeshifter) (Vaults:5)
  10 water moccasins
  2 cyclops zombies
  14 giant frogs
  8 agate snails
  2 manticore zombies (D:12)
  2 yaktaur skeletons
  2 boulder beetle zombies
  A hippogriff zombie (D:12)
  An eye of draining (shapeshifter) (Elf:3)
  3 killer bees (D:12)
  A jellyfish (Lair:2)
  A blink frog simulacrum (Abyss:1)
  5 wights (D:9)
  A centaur zombie (D:12)
  A giant frog zombie (D:12)
  4 crimson imps
  A big fish (Lair:2)
  3 jellies
  25 orc priests
  4 hounds
  A scorpion (D:6)
  An iron imp (Abyss:1)
  A rock worm simulacrum (D:19)
  5 spiders
  A two-headed ogre skeleton (D:9)
  A centaur skeleton (D:7)
  30 orc wizards
  3 iguanas
  A spectral orc (D:26)
  5 worker ants
  A shapeshifter simulacrum (D:16)
  30 sheep
  Ijyb (D:7)
  Jessica (D:2)
  A mottled dragon zombie (D:12)
  8 adders
  4 giant centipedes
  A lemure (Abyss:2)
  A white imp (Abyss:1)
  25 green rats
  A sky beast simulacrum (D:12)
  3 giant mites
  4 worms
  An ufetubus (Abyss:1)
  A giant eyeball (D:12)
  2 oozes
  160 orcs
  A ball python (D:2)
  14 bats
  A giant cockroach (D:2)
  9 hobgoblins
  11 jackals
  9 quokkas
  6 giant geckos
  3 giant newts
  A giant spore (D:14)
  8 goblins
  A hobgoblin zombie (D:7)
  23 kobolds
  An orc zombie (Orc:2)
  16 rats
  2 ballistomycetes (D:14)
  2 crawling corpses (Vaults:4)
  A fungus (Lair:8)
  A plant (Shoals:5)
  A starspawn tentacle (Abyss:1)
  2 tentacles (Shoals:1)
1413 creatures vanquished.

Vanquished Creatures (collateral kills)
  A shadow dragon (Vaults:5)
  A fire giant (Vaults:5)
  2 stone giants (Vaults:5)
  A merfolk impaler (Shoals:5)
  A siren (Shoals:5)
  A vault guard (Vaults:5)
  A sea snake (Shoals:5)
  A merfolk (Shoals:5)
  A naga (shapeshifter) (Vaults:5)
10 creatures vanquished.

Vanquished Creatures (others)
  18 vault guards (Vaults:5)
  An ogre mage (D:22)
  A large abomination (Abyss:1)
  An ironbrand convoker (Vaults:5)
  4 water elementals (Vaults:5)
  21 trapdoor spiders
  6 redbacks
  A small abomination (Abyss:1)
  An orc wizard (D:14)
  6 spiders (Vaults:5)
  2 orcs
  5 fungi (Lair:8)
  13 plants
  3 starspawn tentacles (Abyss:1)
  20 starspawn tentacle segments (Abyss:1)
  2 tentacles (Shoals:1)
  4 tentacle segments (Shoals:1)
109 creatures vanquished.

Grand Total: 1532 creatures vanquished

Notes
Turn   | Place    | Note
--------------------------------------------------------------
     0 | D:1      | 4tharraofdagon, the Demigod Fire Elementalist, began the quest for the Orb.
     0 | D:1      | Reached XP level 1. HP: 14/14 MP: 5/5
    12 | D:1      | Reached skill level 1 in Conjurations
   119 | D:2      | Found a burning altar of Makhleb.
   119 | D:2      | Noticed a hound
   127 | D:2      | Killed a hound
   127 | D:2      | Reached skill level 3 in Fire Magic
   127 | D:2      | Reached XP level 2. HP: 14/20 MP: 0/6
   127 | D:2      | Reached XP level 3. HP: 18/26 MP: 0/9
   132 | D:2      | Learned a level 3 spell: Conjure Flame
   284 | D:2      | Noticed Jessica
   286 | D:2      | Killed Jessica
   604 | D:4      | Reached XP level 4. HP: 25/33 MP: 6/11
   652 | D:4      | Noticed an ogre
   659 | D:4      | Noticed a phantom
   664 | D:4      | Killed an ogre
   664 | D:4      | Reached skill level 4 in Fire Magic
   664 | D:4      | Reached XP level 5. HP: 35/38 MP: 7/13
   668 | D:4      | Killed a phantom
   693 | D:4      | Learned a level 4 spell: Sticky Flame
   698 | D:4      | Noticed Sigmund
   711 | D:4      | Killed Sigmund
   711 | D:4      | Reached XP level 6. HP: 23/45 MP: 1/16
   751 | D:4      | Noticed Eustachio
   807 | D:5      | Entered Level 5 of the Dungeon
   879 | D:4      | Killed Eustachio
   950 | D:6      | Reached skill level 5 in Fire Magic
   965 | D:6      | Got a smelly leather armour
   973 | D:6      | Identified the cursed +0 leather armour of Gikaol {rC++} (You found it on level 6 of the Dungeon)
  1058 | D:6      | Reached XP level 7. HP: 50/50 MP: 11/19
  1290 | D:7      | Reached skill level 5 in Conjurations
  1354 | D:7      | Noticed Ijyb
  1382 | D:7      | Noticed Menkaure
  1383 | D:7      | Reached skill level 6 in Fire Magic
  1399 | D:7      | Killed Ijyb
  1444 | D:7      | Killed Menkaure
  1463 | D:7      | Learned a level 5 spell: Fireball
  1478 | D:7      | Flaco: hi
  1492 | D:7      | 4tharraofdagon: hello
  1507 | D:7      | Daniel: hi
  1522 | D:9      | Reached XP level 8. HP: 57/57 MP: 18/21
  1658 | D:9      | Reached skill level 7 in Fire Magic
  1665 | D:9      | Noticed Grum
  1695 | D:9      | wtf
  1741 | D:9      | Killed Grum
  2126 | D:9      | Reached XP level 9. HP: 39/62 MP: 16/23
  2194 | D:9      | Found a staircase to the Lair.
  2209 | D:9      | Reached skill level 8 in Fire Magic
  2286 | D:9      | Learned a level 3 spell: Regeneration
  2292 | Lair:1   | Entered Level 1 of the Lair of Beasts
  2316 | Lair:1   | Noticed a black mamba
  2325 | Lair:1   | Killed a black mamba
  2382 | Lair:1   | Reached skill level 5 in Spellcasting
  2441 | Lair:1   | Reached skill level 1 in Charms
  2441 | Lair:1   | Reached skill level 1 in Necromancy
  2627 | Lair:2   | Noticed truffant's ghost (experienced TrMo)
  2629 | Lair:2   | hello
  2661 | Lair:2   | Killed truffant's ghost
  2662 | Lair:2   | rest in peace bud
  2677 | Lair:2   | Noticed a spiny frog
  2682 | Lair:2   | Killed a spiny frog
  2682 | Lair:2   | Reached XP level 10. HP: 34/69 MP: 11/25
  2968 | Lair:3   | Got an ichor-stained ring mail
  2991 | Lair:3   | Reached skill level 9 in Fire Magic
  3142 | Lair:4   | rdy to gore
  3243 | Lair:4   | why :(
  3249 | Lair:3   | HP: 2/69 [giant frog (7)]
  3567 | Lair:4   | Noticed a six-headed hydra
  3590 | Lair:4   | Killed a six-headed hydra
  3679 | Lair:4   | Reached skill level 10 in Fire Magic
  3755 | Lair:4   | WOAT: i love how fires spread from sheep to sheep
  3759 | Lair:4   | 4tharraofdagon: yea
  3778 | Lair:4   | 4tharraofdagon: ill have to find gmace
  3778 | Lair:4   | 4tharraofdagon: or bardiche
  3814 | Lair:5   | Learned a level 4 spell: Iskenderun's Battlesphere
  3816 | Lair:5   | Noticed timbw's ghost (powerful TrFi)
  3829 | Lair:5   | Killed timbw's ghost
  3829 | Lair:5   | Reached XP level 11. HP: 67/74 MP: 25/27
  3971 | Lair:5   | Found a staircase to the Shoals.
  4038 | Lair:5   | Reached skill level 10 in Conjurations
  4077 | Lair:6   | Noticed araganzar's ghost (powerful TrTm)
  4078 | Lair:6   | 4tharraofdagon: 3rd troll
  4169 | Lair:5   | Gained mutation: You have large cloven feet. [potion of mutation]
  4169 | Lair:5   | Gained mutation: You are partially covered in slimy green scales (AC +2). [potion of mutation]
  4169 | Lair:5   | Gained mutation: You are frail (-10% HP). [potion of mutation]
  4170 | Lair:5   | Gained mutation: Your body is slowly deteriorating. [potion of mutation]
  4170 | Lair:5   | Gained mutation: You are partially covered in rough black scales (AC +4, Dex -1). [potion of mutation]
  4170 | Lair:5   | Gained mutation: You evolve. [potion of mutation]
  4189 | Lair:5   | Noticed a four-headed hydra
  4198 | Lair:5   | Killed a four-headed hydra
  4204 | Lair:5   | timbw: does evolve favour good mutations?
  4207 | Lair:5   | timbw: I feel like it does
  4228 | Lair:5   | Daniel: yes it does
  4228 | Lair:5   | 4tharraofdagon: 75% of the time its good
  4592 | Lair:6   | Found a staircase to the Slime Pits.
  4682 | Lair:6   | Reached skill level 11 in Fire Magic
  4774 | Lair:8   | Entered Level 8 of the Lair of Beasts
  4829 | Lair:8   | Reached XP level 12. HP: 72/82 MP: 29/29
  4974 | Lair:8   | welcome to expless ending
  4974 | Lair:8   | vol.4
  4987 | Lair:8   | Bloax: hey
  4997 | Lair:8   | Bloax: you can conjure flames into trees
  5000 | Lair:8   | 4tharraofdagon: i cant kill hell monsters tho
  5019 | Lair:8   | 4tharraofdagon: gotta go fast tho
  5090 | Lair:8   | Vidiiot: Sanic hedgehug
  5111 | Lair:8   | Vidiiot: The wizard on Lair:8 started a forest fire recently.
  5116 | Lair:8   | Vidiiot: I lol'd
  5130 | Lair:8   | Noticed a seven-headed hydra
  5143 | Lair:8   | Killed a seven-headed hydra
  5172 | Lair:8   | Noticed a five-headed hydra
  5188 | Lair:8   | Killed a five-headed hydra
  5222 | Lair:8   | Noticed a wizard
  5233 | Lair:8   | Killed a wizard
  5245 | Lair:8   | Got a steaming trident
  5246 | Lair:8   | Identified the +2,+6 trident "Heotut" {holy, rElec rF+ Int-2} (You found it on level 8 of the Lair of Beasts)
  5246 | Lair:8   | Identified the +2,+6 trident "Heotut" {holy, rElec rF+ Int-2} (You found it on level 8 of the Lair of Beasts)
  5345 | Lair:8   | Found a burning altar of Makhleb.
  5346 | Lair:8   | Noticed a sun demon
  5350 | Lair:8   | Found a gateway to Hell.
  5352 | Lair:8   | Vidiiot: Staff of energy
  5358 | Lair:8   | Vidiiot: Staff of channeling;)
  5363 | Lair:8   | 4tharraofdagon: dream on
  5375 | Lair:8   | Vidiiot: This vault wouldnt be so annoying
  5378 | Lair:8   | Vidiiot: If not for that Sun Demon
  5407 | Lair:8   | 4tharraofdagon: hmm
  5407 | Lair:8   | 4tharraofdagon: lol
  5407 | Lair:8   | 4tharraofdagon: i should have look at this earlier
  5445 | Lair:8   | Learned a level 4 spell: Iskenderun's Mystic Blast
  5482 | Lair:8   | Vidiiot: How to closed door on Conjured Flame?
  5612 | Lair:8   | timbw: bring a vault warden
  5651 | Lair:8   | Reached XP level 13. HP: 89/89 MP: 31/31
  5681 | Lair:8   | Killed a sun demon
  5707 | Lair:8   | timbw: nice
  5710 | Lair:8   | Vidiiot: Hahaha
  5710 | Lair:8   | timbw: now u just need annihilations
  5710 | Lair:8   | Vidiiot: Called it ;)
  5710 | Lair:8   | timbw: and a shitload of other stuff
  5710 | Lair:8   | 4tharraofdagon: my equipment is op right now
  5710 | Lair:8   | Vidiiot: That only means one thing.
  5710 | Lair:8   | Vidiiot: Crawl is going to fuck you over soon.
  5710 | Lair:8   | Vidiiot: Have fun~
  5710 | Lair:8   | Bloax: it's time to dive vaults
  5710 | Lair:8   | Bloax: OH WAIT
  5710 | Lair:8   | timbw: man enough
  5710 | Lair:8   | timbw: to do elf?
  5710 | Lair:8   | 4tharraofdagon: ye
  5742 | Lair:8   | Learned a level 2 spell: Repel Missiles
  5791 | Lair:8   | Reached skill level 1 in Evocations
  5795 | Lair:8   | Reached skill level 12 in Fire Magic
  6245 | Lair:8   | Learned a level 1 spell: Apportation
  6420 | Lair:7   | Noticed a catoblepas
  6436 | Lair:7   | Killed a catoblepas
  6436 | Lair:7   | Reached skill level 1 in Translocations
  6723 | Lair:4   | first ring
  6845 | Lair:2   | Noticed a spiny frog
  6848 | Lair:2   | Killed a spiny frog
  7110 | D:10     | Entered Level 10 of the Dungeon
  7293 | D:10     | Noticed Erica
  7300 | D:10     | Killed Erica
  7300 | D:10     | Reached skill level 5 in Evocations
  7609 | D:8      | Found a staircase to the Orcish Mines.
  7609 | D:8      | Found Echygaj's Armour Emporium.
  7704 | Orc:1    | Entered Level 1 of the Orcish Mines
  7765 | Orc:1    | Noticed Prince Ribbit
  7799 | Orc:1    | Killed Prince Ribbit
  7823 | Orc:1    | Found a flagged portal.
  7828 | Orc:1    | Found Zikk's Assorted Antiques.
  7877 | Orc:1    | Bought 2 scrolls labeled POZUMY TINYE for 40 gold pieces
  7877 | Orc:1    | Bought a scroll labeled ZOHIPHIHIN for 20 gold pieces
  7877 | Orc:1    | Bought a scroll labeled VOIPSEIDGHI for 20 gold pieces
  7877 | Orc:1    | Bought a polished helmet for 150 gold pieces
  7877 | Orc:1    | Bought a scroll of identify for 40 gold pieces
  7884 | Orc:1    | Identified the cursed -2 helmet "Bruvoteymu" {+Fly rF+ Str-1} (You bought it in a shop on level 1 of the Orcish Mines)
  7896 | Bailey   | Entered a bailey
  7897 | Bailey   | (
  7897 | Bailey   | :(
  7897 | Bailey   | Bloax: https://www.youtube.com/watch?v=Gta9Iz8SJ_I&t=41m37s
  7897 | Bailey   | 4tharraofdagon: fuckin sick
  7897 | Bailey   | timbw: which one is this
  7897 | Bailey   | Bloax: Future Madhouse
  7897 | Bailey   | 4tharraofdagon: ye
  7897 | Bailey   | 4tharraofdagon: future madhouse thats right
  7948 | Bailey   | Gained mutation: You can translocate small distances at will. [evolution]
  7954 | Bailey   | Bloax: rofl https://www.youtube.com/watch?v=Gta9Iz8SJ_I&t=47m35s
  7959 | Bailey   | 4tharraofdagon: ya
  7959 | Bailey   | 4tharraofdagon: i got stuck to this vid for last 10mins ;p
  8096 | Bailey   | Got a blackened scale mail
  8141 | Bailey   | Got a pair of brightly glowing boots
  8144 | Bailey   | Identified the +2 pair of boots of Death's Door {rElec rF+ Stlth++} (You found it in a bailey)
  8158 | Bailey   | Identified the +2 scale mail "Gytawuob" {rF+ Dam+3} (You found it in a bailey)
  8168 | Bailey   | 4tharraofdagon: hm
  8168 | Bailey   | 4tharraofdagon: i remember
  8168 | Bailey   | 4tharraofdagon: the days when Nantuk and I were drilling our road through the ice
  8168 | Bailey   | 4tharraofdagon: also
  8168 | Bailey   | timbw: niec
  8168 | Bailey   | timbw: nice boots
  8168 | Bailey   | 4tharraofdagon: boots of rDeath
  8168 | Bailey   | Bloax: Great bootsies.
  8168 | Bailey   | 4tharraofdagon: http://dobrazupa.org/morgue/4thArraOfDagon/morgue-4thArraOfDagon-20130611-234250.txt
  8168 | Bailey   | 4tharraofdagon: look at that boots
  8168 | Bailey   | 4tharraofdagon: lol
  8168 | Bailey   | 4tharraofdagon: rDeath
  8241 | Orc:1    | Bloax: speaking of rDeath
  8242 | Orc:1    | Bloax: http://www.youtube.com/watch?v=rJF-pO2cKN0
  8246 | Orc:1    | 4tharraofdagon: lol
  8246 | Orc:1    | 4tharraofdagon: even with bad aiming that looks like rape
  8276 | Orc:2    | hello
  8442 | Orc:2    | Noticed Psyche
  8444 | Orc:2    | Killed Psyche
  8759 | Orc:3    | Found a staircase to the Elven Halls.
  9029 | Orc:4    | Entered Level 4 of the Orcish Mines
  9433 | Orc:4    | Bloax: industry-leading AI technology
  9442 | Orc:4    | Found an iron altar of Okawaru.
  9494 | Orc:4    | Found a roughly hewn altar of Beogh.
  9635 | Orc:4    | Something smites you! (x100)
  9822 | Orc:4    | 4tharraofdagon: seriously
  9822 | Orc:4    | 4tharraofdagon: do i look like a demigod?
  9822 | Orc:4    | Bloax: no
  9822 | Orc:4    | Bloax: you look like a freak
  9822 | Orc:4    | 4tharraofdagon: its fuckin clown
  9822 | Orc:4    | 4tharraofdagon: like at those hair
  9822 | Orc:4    | 4tharraofdagon: einstein story 24/7
  9865 | Orc:4    | Reached XP level 14. HP: 95/95 MP: 19/32
  9903 | Orc:4    | Found Psoisor's Assorted Antiques.
  9903 | Orc:4    | Found Pobyph's General Store.
  9907 | Orc:4    | Found Psunuxit's Magic Scroll Boutique.
  9908 | Orc:4    | Found Cistaeff's Assorted Antiques.
  9914 | Orc:4    | Bought 3 scrolls labeled TUGUMNUIGG for 81 gold pieces
  9914 | Orc:4    | Bought a scroll labeled TUGUMNUIGG for 27 gold pieces
  9918 | Orc:4    | Bought a scroll labeled FRE REPTOAG for 27 gold pieces
  9918 | Orc:4    | Bought a scroll labeled PHIUHU VUANO for 27 gold pieces
  9921 | Orc:4    | Bought a scroll of magic mapping for 49 gold pieces
  9921 | Orc:4    | Bought a scroll of remove curse for 42 gold pieces
  9926 | Orc:4    | Identified a +1 cloak of preservation (You acquired it on level 4 of the Orcish Mines)
  9934 | Orc:4    | Learned a level 4 spell: Control Teleport
  9937 | Orc:4    | Bought a scroll of curse jewellery for 28 gold pieces
  9937 | Orc:4    | Bought a scroll of fog for 28 gold pieces
  9937 | Orc:4    | Bought a scroll of blinking for 77 gold pieces
  9937 | Orc:4    | Bought a scroll of fog for 28 gold pieces
  9945 | Orc:4    | Bought a +0 buckler for 42 gold pieces
 10113 | Elf:1    | Entered Level 1 of the Elven Halls
 10191 | Elf:2    | Reached skill level 1 in Shields
 10209 | Elf:3    | Entered Level 3 of the Elven Halls
 10209 | Elf:3    | Found Piuf's Antique Weapon Shoppe.
 10248 | Elf:3    | fuck
 10332 | Elf:3    | You hear a shout! (23x)
 10397 | Elf:3    | Noticed a deep elf master archer
 10413 | Elf:3    | fuck
 10428 | Elf:3    | Killed a deep elf master archer
 10475 | Elf:3    | Lost mutation: You are frail (-10% HP). [evolution]
 10477 | Elf:3    | thx
 10523 | Elf:3    | Noticed a deep elf master archer
 10538 | Elf:3    | Killed a deep elf master archer
 10642 | Elf:3    | NOPE: 4thARRAofDAGON
 10708 | Elf:3    | Reached skill level 10 in Evocations
 10741 | Elf:3    | Noticed a deep elf sorcerer
 10742 | Elf:3    | Noticed a deep elf sorcerer
 10754 | Elf:3    | Killed a deep elf sorcerer
 10754 | Elf:3    | Reached skill level 13 in Conjurations
 10776 | Elf:3    | Killed a deep elf sorcerer
 10846 | Elf:3    | Noticed a deep elf blademaster
 10855 | Elf:3    | Bloax: 4thARRAofDEAD
 10861 | Elf:3    | Killed a deep elf blademaster
 10874 | Elf:3    | 4tharraofdagon: prevailed
 10892 | Elf:3    | Flaco: wow
 10920 | Elf:3    | Noticed a deep elf sorcerer
 10923 | Elf:3    | dont eat exposed - check
 10923 | Elf:3    | The hellfire explodes! The hellfire explodes!You resist.
 10943 | Elf:3    | Killed a deep elf sorcerer
 11007 | Elf:3    | Noticed a deep elf sorcerer
 11009 | Elf:3    | Killed a deep elf sorcerer
 11022 | Elf:3    | Got a fine copper ring
 11085 | Elf:3    | Noticed a deep elf sorcerer
 11097 | Elf:3    | Killed a deep elf sorcerer
 11166 | Elf:3    | Noticed a deep elf sorcerer
 11174 | Elf:3    | Cast into the Abyss (deep elf sorcerer)
 11202 | Abyss:1  | Flaco: fck the abyss
 11204 | Abyss:1  | 4tharraofdagon: i will prevail
 11247 | Abyss:1  | Found a corrupted altar of Lugonu.
 11344 | Abyss:1  | Noticed an azure jelly
 11370 | Abyss:1  | Noticed an acid blob
 11373 | Abyss:1  | Killed an acid blob
 11373 | Abyss:1  | Reached skill level 10 in Spellcasting
 11373 | Abyss:1  | Reached XP level 15. HP: 82/113 MP: 12/34
 11421 | Abyss:1  | Noticed an acid blob
 11440 | Abyss:1  | Killed an acid blob
 11504 | Abyss:1  | Noticed an acid blob
 11521 | Abyss:1  | Killed an acid blob
 11544 | Abyss:1  | Killed an azure jelly
 11568 | Abyss:1  | omfg
 11807 | Abyss:1  | Reached skill level 14 in Conjurations
 11953 | Abyss:1  | Lost mutation: You evolve. [evolution]
 12191 | Abyss:1  | Noticed a bone dragon
 12488 | Elf:3    | Escaped the Abyss
 12507 | Elf:3    | Killed a deep elf sorcerer
 12611 | Elf:3    | Noticed a deep elf blademaster
 12616 | Elf:3    | Noticed a deep elf sorcerer
 12624 | Elf:3    | Killed a deep elf blademaster
 12634 | Elf:3    | Killed a deep elf sorcerer
 12772 | Elf:3    | Identified Sif Muna's Tome of Noxious Transmigration (You found it on level 3 of the Elven Halls)
 12784 | Elf:3    | Identified Alleoq's Catalogue of the Voyage (You found it on level 3 of the Elven Halls)
 12788 | Elf:3    | Learned a level 2 spell: Blink
 12801 | Elf:3    | Identified the Compendium of the Frigorific Oath (You found it on level 3 of the Elven Halls)
 12837 | Elf:3    | Got a tattered robe
 12838 | Elf:3    | Identified the ring "Zuyfivok" {rF+ rN+ Dex+4 Int+3} (You took it off a deep elf sorcerer on level 3 of the Elven Halls)
 12838 | Elf:3    | Identified the cursed -5 robe of Misfortune {-Cast Contam *Tele EV-4 Str-2 Dex-2 Int-2 Stlth-- Curse} (You found it on level 3 of the Elven Halls)
 12859 | Elf:3    | thats it
 13026 | Orc:3    | 4tharraofdagon: k,im off
 13026 | Orc:3    | NOPE: c u
 13026 | Orc:3    | Upgraded the game from 0.14-a0-759-g26e2352 to 0.14-a0-770-g009d3a2
 13120 | D:9      | 4tharraofdagon: idk where to go
 13120 | D:9      | 4tharraofdagon: probably shaft to d:15
 13397 | Shoals:1 | Entered Level 1 of the Shoals
 13397 | Shoals:1 | Noticed a kraken
 13415 | Shoals:1 | 4tharraofdagon: i gtg,ill just kill the kraken
 13437 | Shoals:1 | Killed a kraken
 13871 | Shoals:4 | Daniel: hey
 13871 | Shoals:4 | 4tharraofdagon: hey
 13896 | Shoals:4 | Daniel: this game is killing me. literally.
 13909 | Shoals:5 | Entered Level 5 of the Shoals
 13914 | Shoals:5 | Daniel: playing djinni: ice beast on lvl5, lvl6 and lvl7
 13918 | Shoals:5 | Daniel: good luck
 14016 | Shoals:5 | hurdos: Hi
 14138 | Shoals:5 | Reached skill level 15 in Conjurations
 14140 | Shoals:5 | Reached XP level 16. HP: 81/121 MP: 4/36
 14141 | Shoals:5 | Identified a +7 rod of destruction (10/10) (You took it off a deep elf sorcerer on level 3 of the Elven Halls)
 14173 | Shoals:5 | 4tharraofdagon: hey
 14221 | Shoals:5 | Got a barnacled rune of Zot
 14469 | Shoals:5 | Got a heavily runed steel ring
 14523 | Shoals:5 | Gained mutation: You have a slow metabolism. [potion of beneficial mutation]
 14814 | Shoals:3 | Gained mutation: You can breathe flames. [potion of mutation]
 15092 | Lair:4   | Found a hole to the Spider Nest.
 15213 | D:11     | Noticed Psiweapon's ghost (powerful TrMo)
 15220 | D:11     | Killed Psiweapon's ghost
 15400 | D:12     | Reached skill level 15 in Fire Magic
 15529 | D:12     | Paralysed by a giant eyeball for 2 turns
 15726 | D:13     | Identified the ring "Ytuenyc" {MR Stlth+} (You took it off an octopode on level 5 of the Shoals)
 16170 | D:15     | Entered Level 15 of the Dungeon
 16204 | D:15     | Found a staircase to the Vaults.
 16318 | D:16     | Noticed Urug
 16321 | D:16     | Killed Urug
 16569 | D:16     | timbw: any good books?
 16579 | D:16     | 4tharraofdagon: no power and annihilations
 16595 | D:16     | timbw: going to use grand grimoire?
 16601 | D:16     | 4tharraofdagon: idk yet
 16610 | D:16     | timbw: I tried this with xxx
 16620 | D:16     | timbw: it was ok
 16623 | D:16     | timbw: but not great
 16628 | D:16     | timbw: firestorm better
 16641 | D:16     | Found a glowing golden altar of the Shining One.
 16693 | D:17     | 4tharraofdagon: im bad at finding books
 16871 | D:18     | Found Qamuwe Praa's Jewellery Shoppe.
 16878 | D:18     | timbw: decent
 16878 | D:18     | Bought a cursed ring of hunger for 32 gold pieces
 16923 | D:19     | Found a blossoming altar of Fedhas.
 16986 | D:19     | 4tharraofdagon: ok
 16986 | D:19     | 4tharraofdagon: it looks like im ready for vaults
 16986 | D:19     | timbw: to bad no sublimation
 16986 | D:19     | timbw: such a big help in vaults
 16986 | D:19     | 4tharraofdagon: i cant complain
 16986 | D:19     | timbw: u really need
 16986 | D:19     | timbw: iron shot or ood
 16986 | D:19     | timbw: for vaults 5 :S
 16986 | D:19     | 4tharraofdagon: its not must have
 16986 | D:19     | 4tharraofdagon: i used to clear v:5 with only fireball
 16986 | D:19     | timbw: what about rF shit
 17115 | D:18     | Found Myacuirr's Magical Wand Emporium.
 17388 | D:14     | 4tharraofdagon: i dont have better place to go anyway :(
 17453 | Vaults:1 | Entered Level 1 of the Vaults
 17626 | Vaults:2 | Noticed Donald
 17645 | Vaults:2 | Killed Donald
 17645 | Vaults:2 | Reached skill level 16 in Conjurations
 17975 | Vaults:2 | Noticed Sojobo
 17976 | Vaults:2 | fu
 18085 | Vaults:2 | timbw: GrBe only thing that doesnt need luck
 18452 | Vaults:4 | Found a glowing silver altar of Zin.
 18632 | Vaults:4 | 4tharraofdagon: its time
 18632 | Vaults:4 | timbw: immolation
 18632 | Vaults:4 | timbw: ?
 18635 | Vaults:4 | 4tharraofdagon: ye
 18635 | Vaults:4 | timbw: gl
 18636 | Vaults:4 | timbw: hope nothing nasty in corridor
 18638 | Vaults:4 | 4tharraofdagon: like mara?;p
 18638 | Vaults:4 | timbw: or mennas
 18639 | Vaults:5 | Entered Level 5 of the Vaults
 18645 | Vaults:5 | Reached XP level 17. HP: 101/127 MP: 22/37
 18654 | Vaults:5 | 4tharraofdagon: why
 18654 | Vaults:5 | 4tharraofdagon: i dont gain exp
 18661 | Vaults:5 | 4tharraofdagon: when they die
 18661 | Vaults:5 | 4tharraofdagon: wtf
 18661 | Vaults:5 | timbw: wtf
 18725 | Vaults:5 | 4tharraofdagon: it looks like
 18725 | Vaults:5 | 4tharraofdagon: you only get exp when they die in los
 18725 | Vaults:5 | 4tharraofdagon: fuck this
 18936 | Vaults:5 | Noticed Xtahua
 18951 | Vaults:5 | Killed Xtahua
 19088 | Vaults:5 | Gained mutation: You occasionally shout uncontrollably. [a shining eye]
 19090 | Vaults:5 | thx
 19093 | Vaults:5 | Noticed a lich
 19304 | Vaults:5 | Killed a lich
 19494 | Vaults:5 | Got a silver rune of Zot
 19933 | Vaults:5 | Reached skill level 17 in Conjurations
 20243 | Vaults:5 | Bloax: https://dl.dropboxusercontent.com/u/63152810/n/crawl/Dwant.png
 20394 | Vaults:5 | Daniel: http://www.livememe.com/q0etpi9
 21298 | Vaults:5 | qwert: what drain does?
 21308 | Vaults:5 | 4tharraofdagon: redcuses skills
 21713 | Vaults:5 | Reached XP level 18. HP: 113/134 MP: 20/38
 21749 | Vaults:5 | 4tharraofdagon: one book:(
 22889 | D:15     | blah
 22889 | D:15     | 4tharraofdagon: o bbl
 22889 | D:15     | 4tharraofdagon: im lacking idea about rollin this char further
 22954 | D:15     | Noticed Sonja
 22958 | D:15     | Killed Sonja
 22968 | D:15     | Upgraded the game from 0.14-a0-770-g009d3a2 to 0.14-a0-805-gc239e29
 22968 | D:15     | Upgraded the game from 0.14-a0-805-gc239e29 to 0.14-a0-817-g3f7b0b1
 23254 | D:18     | Found Cherein's Magical Wand Boutique.
 23300 | D:17     | Reached skill level 18 in Conjurations
 23346 | D:18     | Found Xeiffanale's General Store.
 23366 | D:18     | Bought the amulet of the Four Winds {Clar rN+ MR++} for 458 gold pieces
 23487 | D:18     | Paralysed by a red wasp for 2 turns
 23570 | D:20     | Entered Level 20 of the Dungeon
 24421 | D:20     | Malachi: hmm stats dont have much impact on the game, do they?
 24425 | D:20     | 4tharraofdagon: they dont :(
 25076 | D:22     | Found Kevor's Magic Scroll Emporium.
 25083 | D:22     | Bought a scroll of blinking for 82 gold pieces
 25083 | D:22     | Bought a scroll of blinking for 82 gold pieces
 25924 | D:24     | Found a one-way gate leading to the halls of Pandemonium.
 25932 | D:24     | Gained mutation: You have a pair of small horns on your head. [potion of beneficial mutation]
 25942 | D:25     | Entered Level 25 of the Dungeon
 26524 | D:25     | Got a sparkling jade amulet
 26563 | D:25     | Got a crude steel ring
 26568 | D:25     | Identified the cursed ring "Rentoj" {+Blink +Rage rPois Str-5} (You found it on level 25 of the Dungeon)
 26570 | D:25     | Identified the amulet of Cauthrer {Ward rF++ rN+ Dam+4 SInv} (You took it off an orc knight on level 25 of the Dungeon)
 26582 | D:25     | Learned a level 7 spell: Orb of Destruction
 26624 | D:25     | Reached XP level 19. HP: 125/140 MP: 20/39
 26957 | D:25     | Reached skill level 5 in Necromancy
 27355 | D:26     | Found a one-way gate to the infinite horrors of the Abyss.
 27567 | D:27     | Entered Level 27 of the Dungeon
 27825 | D:26     | Reached skill level 19 in Conjurations
 28003 | D:26     | Noticed Nergalle
 28021 | D:26     | Killed Nergalle
 28328 | D:27     | hurdos: Hi
 28332 | D:27     | 4tharraofdagon: hey
 29100 | D:27     | Noticed a golden dragon
 29107 | D:27     | HP: 6/140 [deep troll earth mage (4)]
 29108 | D:27     | Slain by a deep troll earth mage

Action                   |  1- 3 |  4- 6 |  7- 9 | 10-12 | 13-15 | 16-18 | 19-21 || total
-------------------------+-------+-------+-------+-------+-------+-------+-------++-------
Melee: Long sword        |    23 |     7 |       |       |       |       |       ||    30
       Sabre             |       |    18 |    59 |    16 |       |       |       ||    93
       Staff             |       |       |       |    75 |    52 |    45 |     4 ||   176
 Cast: Flame Tongue      |    45 |    10 |    37 |    60 |    40 |       |       ||   192
       Conjure Flame     |     1 |     4 |    25 |    61 |    85 |    42 |     3 ||   221
       Sticky Flame      |       |     4 |    30 |    63 |   148 |   146 |    25 ||   416
       Regeneration      |       |       |     3 |    11 |    52 |    57 |    20 ||   143
       Fireball          |       |       |       |    10 |   214 |   316 |    33 ||   573
       Iskenderun's Myst |       |       |       |     4 |   208 |   443 |    64 ||   719
       Iskenderun's Batt |       |       |       |     1 |   104 |   171 |    15 ||   291
       Apportation       |       |       |       |       |   101 |   124 |    12 ||   237
       Repel Missiles    |       |       |       |       |    44 |   116 |    27 ||   187
       Control Teleport  |       |       |       |       |       |     7 |     2 ||     9
       Orb of Destructio |       |       |       |       |       |       |    86 ||    86
 Abil: Blink             |       |       |       |       |     2 |     1 |       ||     3
       Evoke Invisibilit |       |       |       |       |     2 |       |       ||     2
       Evoke Teleportati |       |       |       |       |       |     1 |     2 ||     3
Evoke: Wand              |       |     2 |     6 |     5 |    20 |    19 |       ||    52
       Miscellaneous     |       |       |       |       |   923 |  1414 |   361 ||  2698
       Rod               |       |       |       |       |       |     3 |       ||     3
  Use: Potion            |     1 |       |     1 |     9 |     8 |    16 |     5 ||    40
       Scroll            |     6 |       |     1 |     8 |    39 |    26 |     8 ||    88
 Stab: Sleeping          |       |       |     1 |       |     1 |       |       ||     2
